 Dungeon Crawl Stone Soup version 0.31-a0-889-g1a8549509d (webtiles) character file.

Game seed: 10108105125266266609

16 Kuronicle the Changeling (level 2, -7/23 HPs)
             Began as a Demigod Shapeshifter on Oct 16, 2023.
             Engulfed by a cloud of flame (11 damage)
             ... on level 1 of the Dungeon.
             The game lasted 00:01:02 (278 turns).

Kuronicle the Changeling (Demigod Shapeshifter)      Turns: 278, Time: 00:01:04

Health: -7/23      AC:  2    Str: 15    XL:     2   Next: 24%
Magic:  13/13      EV: 12    Int: 12    God:
Gold:   21         SH:  0    Dex: 13    Spells: 1/1 levels left

rFire   . .          .
                       - Unarmed
rCold   . . .        (no shield)
rNeg    . . .        a - +0 animal skin
rPois   .            (helmet currently unavailable)
rElec   .            e - melded scarf {rC+ rF+}
rCorr   .            (gloves currently unavailable)
SInv    .            (boots currently unavailable)
Will    .....        (no amulet)
Stlth   +            g - ring of magical power
HPRegen 0.23/turn    (no ring)
MPRegen 0.13/turn

%: no passive effects
@: beast-form
A: beast (slay +1), high MP 1, forlorn, divine attributes
a: Begin Untransformation


You were on level 1 of the Dungeon.
You were a hulking beast.
You visited 1 branch of the dungeon, and saw 1 of its levels.

You collected 21 gold pieces.

Inventory:

Armour
 a - a +0 animal skin (worn)
 e - a scarf of resistance (melded)
Jewellery
 g - a ring of magical power (left hand)
Talismans
 c - a beast talisman (active)
 d - a flux talisman
Potions
 b - a potion of lignification
 f - a potion of attraction {unknown}


   Skills:
 * Level 1.3 Fighting
 * Level 1.8 Dodging
 + Level 2.7 Unarmed Combat
 * Level 3.1 Shapeshifting


You had one spell level left.
You didn't know any spells.
Your spell library contained the following spells:

 Spells                   Type           Power      Damage    Failure   Level
 Animate Dead             Necr           0%         N/A       97%         4
 Haunt                    Necr/Summ      0%         N/A       100%        7
 Infestation              Necr           0%         N/A       100%        8


Dungeon Overview and Level Annotations

Branches:
Dungeon (1/15)


Innate Abilities, Weirdness & Mutations

You are a hulking beast.
Your limbs bulge with bestial killing power. (Slay +1)
You have an increased reservoir of magic. (+10% MP)
You shall have no god before yourself.
Your divine heritage dramatically boosts your attributes as you level up.


Message History

You feel hot and cold all over.
You hit the frilled lizard.
You kill the frilled lizard!
The rat bites you.
You closely miss the rat. The rat bites you.
You closely miss the rat. The rat barely misses you.
You hit the rat.
You kill the rat!
A rat comes into view.
A rat is nearby!
The rat barely misses you.
You hit the rat.
You kill the rat!
No target in view!
No target in view!
Magic restored.
You see here a rat corpse.
Found a stone staircase leading down.
A ball python comes into view.
Found a scroll labelled UCSEAC EP PILE.
The helpless ball python fails to defend itself.
You hit the ball python.
You kill the ball python!
No target in view!
No target in view!
h - a scroll labelled UCSEAC EP PILE A frilled lizard comes into view.
As you read the scroll labelled UCSEAC EP PILE, it crumbles to dust.
The creatures around you are filled with an inner flame!
It was a scroll of immolation.
A frilled lizard is nearby!
The frilled lizard hisses angrily.
You closely miss the frilled lizard. The frilled lizard bites you.
You hit the frilled lizard.
The frilled lizard explodes!
The fiery explosion engulfs you!!
Ouch! That really hurt!
* * * LOW HITPOINT WARNING * * *
You are engulfed in blazing flames.
You die...

...#.####.##............##..##
.........###......###.## #...
#.......†........###.# ##.#
#.#..###.##.#..#.......####..#
#......#.#.#.....(.......##...
#..#.#.##.##.#########......
.#.#...###.##.# #......
#...........##.# #......
.....>......§h.# #......
###.##.######§§# #...... # #..
#§§# #...... ..#. ##..######
#...... #.##. #.........
......## #.. ..
#...############## .# .....#
####.## #.#


There were no monsters in sight!

Vanquished Creatures
  A ball python (D:1)
  2 bats (D:1)
  An endoplasm (D:1)
  3 goblins (D:1)
  2 hobgoblins (D:1)
  2 frilled lizards (D:1)
  4 rats (D:1)
15 creatures vanquished.

Notes
Turn   | Place    | Note
-------+----------+-------------------------------------------
     0 | D:1      | Kuronicle the Demigod Shapeshifter began the quest for the
                  | Orb.
     0 | D:1      | Reached XP level 1. HP: 15/15 MP: 3/3
   100 | D:1      | Reached skill level 1 in Fighting
   107 | D:1      | Reached skill level 3 in Shapeshifting
   172 | D:1      | Reached XP level 2. HP: 21/23 MP: 4/4
   278 | D:1      | Engulfed by a cloud of flame

Illustrated notes

Levels and vault maps discovered:
D:1:      tarquinn_simple_flora_water_e, layout_loops_ring, st_stairs_13,
          minmay_pentomino_q2

Skill      XL: |  1 |
---------------+----+-----
Fighting       | 1 |  1.3
Shapeshifting  | 3 |  3.1
Dodging        | |  1.8
Unarmed Combat | |  2.7

Action                     || total
---------------------------++-------
  Melee: Unarmed           ||    28
    Use: Scroll            ||     1
   Stab: Sleeping          ||     2
 Armour: Animal skin       ||    15
  Dodge: Dodged            ||    12
         Form:             ||     1
         Beast             ||     1

Table legend: (Time is in decaauts)
 A = Elapsed time spent in this place.
 B = Non-inter-level travel time spent in this place.
 C = Inter-level travel time spent in this place.
 D = Time resting spent in this place.
 E = Time spent auto-exploring this place.
 F = Levels seen in this place.
 G = Mean time per level.
                   A        B        C        D        E       F      G
               +--------+--------+--------+--------+--------+-----+--------+
         Total |    276 |    275 |      1 |      0 |    175 |   1 |  276.0 |
       Dungeon |    276 |    275 |      1 |      0 |    175 |   1 |  276.0 |
               +--------+--------+--------+--------+--------+-----+--------+

Top non-repeatable levels by time:
     D:1: 276 daAuts
